Map: [ESL] Data-C

Players

HeroMarine

  • Race: Terran Terran
  • Spawn Location: 3:00

Zoun - Winner!

  • Race: Protoss Protoss
  • Spawn Location: 9:00

Event: DreamHack SC2 Masters 2022 Atlanta (Offline)

VOD

Have the link to the VOD?

Description

Time

  • Played on: Nov. 18, 2022, 7:47 p.m.
  • Length: 12:42

All games in this series

Show
View Real Time Build Order
Export as new Build Order

HeroMarine Terran 

Build Orders:  

Get SALT Encoding   

  12  0:00  SCV  
  13  0:12  SCV  
  14  0:17  Supply Depot  
  14  0:24  SCV  
  15  0:38  SCV  
  15  0:39  Barracks  
  16  0:43  Refinery  
  16  0:50  SCV  
  16  0:53  Refinery  
  17  1:03  SCV  
  18  1:15  SCV  
  19  1:25  Supply Depot  
  19  1:26  Reaper  
  19  1:28  Orbital Command  
  20  1:45  Factory  
  21  1:54  SCV  
  21  2:00  Barracks Reactor  
  21  2:06  SCV  
  22  2:18  SCV  
  22  2:22  Command Center  
  23  2:30  SCV  
  23  2:32  Starport  
  24  2:38  Supply Depot  
  24  2:42  SCV  
  25  2:46  Widow Mine  
  25  2:50  Marine  
  28  2:52  Marine  
  28  2:56  SCV  
  30  3:07  Widow Mine  
  30  3:08  SCV  
  30  3:09  Medivac  
  35  3:13  Marine x2  
  37  3:20  SCV  
  38  3:29  Factory Tech Lab  
  38  3:31  Marine  
  38  3:32  Marine  
  38  3:33  SCV  
  40  3:35  Orbital Command  
  40  3:47  Cyclone  
  40  3:48  Viking  
  45  3:49  SCV  
  45  3:53  Marine x2  
  48  4:01  Supply Depot  
  50  4:08  Supply Depot  
  50  4:11  Marine x2  
  50  4:18  Viking  
  50  4:20  SCV  
  50  4:21  SCV  
  50  4:23  Cyclone  
  57  4:25  Supply Depot  
  57  4:29  Marine x2  
  59  4:32  SCV  
  59  4:33  SCV  
  61  4:40  Supply Depot  
  61  4:44  SCV  
  62  4:45  SCV  
  62  4:47  Marine x2  
  65  4:55  Cyclone  
  65  4:57  Viking  
  65  4:58  SCV x2  
  72  5:04  Marine  
  72  5:05  Marine  
  74  5:13  Command Center  
  74  5:14  SCV x2  
  76  5:22  Barracks  
  76  5:24  Marine x2  
  76  5:26  SCV  
  76  5:27  Siege Tank  
  76  5:28  SCV  
  83  5:38  SCV  
  83  5:40  SCV  
  83  5:41  Viking  
  83  5:42  Marine x2  
  85  5:44  Barracks  
  86  5:51  SCV  
  86  5:52  SCV  
  86  6:03  Engineering Bay, Supply Depot  
  86  6:10  SCV x2, Siege Tank, Marine x2  
  86  6:11  Barracks Tech Lab  
  93  6:12  Starport Tech Lab  
  93  6:19  Refinery  
  93  6:22  SCV  
  93  6:25  SCV, Orbital Command  
  95  6:28  Marine x2  
  95  6:29  Terran Infantry Weapons Level 1  
  95  6:30  Stimpack  
  97  6:34  SCV  
  97  6:37  SCV  
  97  6:38  Refinery, Missile Turret, Marine x2  
  101  6:42  Missile Turret  
  101  6:46  Marine x2  
  101  6:47  SCV  
  102  6:49  SCV  
  102  6:53  Siege Tank  
  106  6:56  Marine  
  106  6:58  Orbital Command  
  106  6:59  SCV  
  106  7:01  SCV  
  107  7:02  Marine  
  107  7:03  Marine x2  
  107  7:06  Starport Reactor  
  110  7:11  SCV  
  110  7:13  SCV, Missile Turret  
  110  7:14  Missile Turret  
  112  7:23  SCV, Barracks x2  
  112  7:25  SCV  
  112  7:28  Supply Depot  
  117  7:30  SCV  
  117  7:34  Combat Shield, Marine x2  
  117  7:35  SCV  
  123  7:37  SCV, Marauder  
  123  7:39  Refinery  
  123  7:42  Marauder  
  123  7:45  Medivac  
  123  7:46  Starport  
  123  7:50  SCV x3  
  128  7:52  Supply Depot, Refinery, Factory Reactor  
  127  7:58  Bunker  
  127  7:59  Supply Depot  
  127  8:02  SCV x3  
  127  8:03  Medivac  
  132  8:09  Marauder  
  133  8:13  Barracks Reactor  
  133  8:14  SCV, Marauder  
  133  8:15  Supply Depot  
  133  8:16  SCV x2  
  137  8:20  Marine x2  
  139  8:30  Terran Infantry Armor Level 1  
  139  8:31  Ghost Academy, Viking  
  139  8:33  Viking  
  143  8:36  Marauder x2  
  143  8:39  Medivac  
  148  8:42  Medivac  
  148  8:45  Marauder  
  152  8:49  Marine x3  
  152  8:50  Reaper  
  152  8:55  Supply Depot  
  155  8:56  Supply Depot  
  155  8:57  Marauder  
  155  9:01  Supply Depot  
  157  9:14  Armory  
  157  9:15  Engineering Bay  
  157  9:16  Viking x2, Marauder, SCV x2  
  165  9:18  SCV, Marauder x2  
  165  9:20  Marine x3  
  165  9:23  Marine  
  174  9:25  Medivac  
  174  9:26  Medivac  
  174  9:28  SCV  
  179  9:33  SCV x2  
  181  9:41  Marauder  
  181  9:48  SCV  
  181  9:50  Marauder  
  181  9:51  Marauder  
  176  9:53  SCV x2  
  176  9:59  Marine x2  
  154  10:00  SCV, Medivac x2  
  154  10:02  Marauder  
  154  10:04  Medivac  
  134  10:11  Marauder  
  134  10:12  Marine x2  
  138  10:15  Command Center  
  138  10:16  Marauder  
  138  10:18  Marine  
  138  10:20  Barracks  
  141  10:21  Medivac  
  141  10:22  Barracks  
  141  10:23  Barracks  
  141  10:24  Terran Infantry Weapons Level 2  
  139  10:29  Concussive Shells  
  139  10:31  Marauder  
  139  10:32  Orbital Command  
  139  10:33  Marauder  
  139  10:35  Marine x2  
  132  10:37  Marauder  
  132  10:41  Marine  
  132  10:42  Marine  
  132  10:49  Liberator  
  127  10:50  Liberator  
  127  10:52  Marauder  
  127  10:53  Marine  
  127  10:54  Liberator x2, Orbital Command  
  127  10:55  Marine x2  
  144  10:59  Marauder  
  144  11:00  Marine x2  
  148  11:10  Marine  
  140  11:13  Marauder, Marine  
  140  11:14  Marauder  
  140  11:18  Marine x2  
  138  11:25  Marauder  
  141  11:30  Marine x4  
  141  11:32  Liberator  
  145  11:34  Liberator  
  145  11:35  Marauder, Marine  
  145  11:37  Marauder  
  156  11:41  Marine x2  
  156  11:46  Liberator, Marauder  
  163  11:47  Marine  
  163  11:48  Marine  
  163  11:54  Supply Depot  
  165  11:55  Supply Depot, Marine  
  165  11:56  Marine  
  165  11:57  Marauder  
  157  12:05  Marauder  
  157  12:08  Marauder  
  142  12:09  Marine x2  
  142  12:11  Marine x2  
  142  12:14  Marine x2  
  148  12:17  Marine  
  148  12:18  Marauder  
Show
View Real Time Build Order
Export as new Build Order

Zoun Protoss - Winner!

Build Orders: 1 Gate Expand, Phoenix Opening, Zealot Archon, Colossus Rush 

Get SALT Encoding   

  12  0:00  Probe  
  13  0:12  Probe  
  14  0:17  Pylon  
  14  0:24  Probe (Chrono Boost)  
  15  0:36  Probe (Chrono Boost)  
  15  0:37  Gateway  
  16  0:44  Probe (Chrono Boost)  
  16  0:45  Assimilator  
  17  0:51  Probe  
  18  1:03  Probe  
  19  1:15  Probe  
  20  1:24  Cybernetics Core  
  20  1:34  Nexus  
  20  1:37  Probe  
  21  1:44  Pylon  
  21  1:49  Probe  
  21  1:53  Assimilator  
  22  2:01  Probe, Stalker (Chrono Boost)  
  24  2:13  Probe  
  25  2:23  Stargate  
  25  2:25  Probe  
  26  2:34  Warp Gate  
  26  2:36  Adept  
  28  2:37  Probe (Chrono Boost)  
  29  2:45  Probe (Chrono Boost)  
  29  2:50  Probe (Chrono Boost)  
  31  2:55  Probe (Chrono Boost)  
  31  2:56  Probe (Chrono Boost)  
  33  3:00  Probe (Chrono Boost)  
  33  3:03  Gateway  
  33  3:05  Probe  
  34  3:08  Phoenix (Chrono Boost)  
  37  3:12  Adept  
  37  3:15  Probe  
  37  3:19  Probe  
  41  3:23  Pylon  
  41  3:27  Probe  
  41  3:30  Phoenix  
  44  3:34  Probe  
  44  3:40  Robotics Facility  
  45  3:42  Probe  
  45  3:46  Probe  
  47  3:51  Assimilator  
  47  3:52  Assimilator  
  47  3:54  Phoenix (Chrono Boost), Probe  
  50  4:01  Probe  
  51  4:07  Pylon  
  51  4:09  Probe  
  52  4:11  Pylon  
  52  4:12  Phoenix  
  54  4:21  Shield Battery  
  54  4:25  Probe x2  
  54  4:27  Adept x2  
  60  4:37  Robotics Bay, Probe  
  61  4:41  Observer  
  62  4:53  Stalker x2  
  62  4:56  Pylon  
  68  5:06  Immortal (Chrono Boost)  
  70  5:12  Pylon  
  70  5:14  Phoenix  
  70  5:17  Adept  
  70  5:18  Adept  
  70  5:19  Probe x2  
  78  5:39  Colossus (Chrono Boost)  
  78  5:40  Observer  
  84  5:51  Nexus, Probe  
  84  5:56  Pylon  
  85  6:00  Twilight Council, Pylon  
  85  6:06  Gateway  
  85  6:09  Extended Thermal Lance  
  85  6:13  Probe  
  85  6:14  Phoenix, Probe  
  89  6:22  Forge  
  89  6:24  Shield Battery, Charge (Chrono Boost)  
  89  6:25  Probe  
  90  6:26  Probe  
  91  6:35  Sentry  
  91  6:37  Observer, Probe  
  91  6:38  Probe  
  95  6:49  Observer, Probe  
  95  6:50  Probe  
  97  6:55  Observer  
  97  6:56  Protoss Ground Weapons Level 1 (Chrono Boost)  
  97  7:01  Probe  
  97  7:02  Probe  
  97  7:05  Gateway  
  97  7:07  Templar Archives, Gateway x2  
  99  7:09  Probe  
  99  7:11  Gateway  
  99  7:14  Probe x2  
  99  7:15  Immortal (Chrono Boost)  
  102  7:21  Probe  
  106  7:26  Probe, Assimilator  
  106  7:29  Gateway  
  107  7:30  Assimilator  
  107  7:33  Probe x2  
  107  7:35  Pylon  
  109  7:38  Probe  
  109  7:44  Observer (Chrono Boost), High Templar x2  
  114  7:45  Zealot  
  114  7:47  Pylon  
  114  7:50  Archon, Pylon  
  117  7:54  Nexus  
  117  7:57  Pylon  
  117  7:59  Probe  
  117  8:00  Probe  
  117  8:01  Immortal (Chrono Boost)  
  117  8:05  Blink  
  123  8:06  Probe  
  123  8:12  Probe x2  
  126  8:19  Shield Battery  
  126  8:21  Photon Cannon  
  126  8:24  Zealot, Forge, High Templar x2  
  126  8:26  Probe x2  
  134  8:27  Probe  
  134  8:31  Disruptor (Chrono Boost), Photon Cannon  
  135  8:38  Probe  
  139  8:42  Robotics Facility, Probe x2  
  139  8:46  Pylon  
  139  8:48  Photon Cannon  
  141  8:50  Archon  
  141  8:52  Probe  
  141  8:54  Probe  
  143  8:57  Probe  
  143  9:00  Observer  
  143  9:01  Protoss Ground Weapons Level 2 (Chrono Boost)  
  143  9:02  Zealot x2  
  148  9:04  Protoss Ground Armor Level 1 (Chrono Boost)  
  148  9:06  Gateway  
  148  9:09  Gateway  
  146  9:11  Pylon  
  146  9:12  Pylon  
  146  9:15  High Templar x2  
  150  9:20  Archon  
  150  9:24  Zealot x4  
  154  9:30  Disruptor x2 (Chrono Boost)  
  158  9:32  Zealot x2  
  168  9:45  Zealot x4  
  168  9:51  Zealot x2  
  164  9:58  Zealot x2  
  142  10:03  Zealot x2  
  142  10:04  Probe x2  
  132  10:07  Zealot  
  132  10:08  Zealot x3  
  140  10:14  Probe  
  140  10:15  Probe, Stalker x2  
  140  10:18  Disruptor x2  
  148  10:42  Zealot x3  
  148  10:43  Zealot x4  
  156  10:51  Zealot x2  
  156  10:53  Probe x2, Assimilator  
  156  10:54  Disruptor (Chrono Boost)  
  153  11:07  Warp Prism (Chrono Boost)  
  147  11:16  Zealot x7  
  147  11:17  Zealot x3  
  155  11:26  Disruptor (Chrono Boost)  
  158  11:36  Observer (Chrono Boost)  
  159  11:40  Stalker x6  
  159  11:44  Nexus  
  159  11:46  Zealot, Pylon  
  173  11:48  Probe  
  173  11:49  Assimilator x2  
  158  12:11  Zealot x2  
  158  12:12  Zealot x8  
  163  12:37  Zealot x10  
Tags
 
Add a new tag
Caveats
  • Supply blocks, unpowered buildings, or Contaminate may cause inaccurate times.
  • Supply counts are checked every 10 seconds.